 Dungeon Crawl Stone Soup version 0.16-a0-3855-gd2600ac (webtiles) character file.

3108 abixa the Nimble (level 10, 0/56 HPs)
             Began as a Kobold Fighter on Jan 31, 2015.
             Was a Believer of Makhleb.
             Slain by a cyan ugly thing (16 damage)
             ... on level 6 of the Dungeon.
             The game lasted 00:22:23 (7734 turns).

abixa the Nimble (Kobold Fighter)                   Turns: 7734, Time: 00:22:23

Health: 0/56       AC: 13    Str: 14    XL:     10   Next: 13%
Magic:  10/10      EV: 20    Int:  9    God:    Makhleb [**....]
Gold:   200        SH:  6    Dex: 20    Spells: 0 memorised, 9 levels left

rFire  . . .     SeeInvis .     a - +0 rapier
rCold  . . .     Clarity  .     A - +0 scale mail
rNeg   . . .     SustAb   .     c - +0 buckler
rPois  .         Gourm    .     q - +0 helmet
rElec  .         Spirit   .     H - +1 cloak
rCorr  .         Warding  .     x - +1 pair of gloves {Dex+3}
rMut   .         Stasis   .     p - +0 pair of boots
MR     .....                    (no amulet)
Stlth  ..........               (no ring)
                                (no ring)

@: not resistant to hostile enchantments, extremely unstealthy
A: carnivore 3
a: Minor Destruction, Renounce Religion


You were on level 6 of the Dungeon.
You worshipped Makhleb.
Makhleb was pleased with you.
You were completely stuffed.

You visited 2 branches of the dungeon, and saw 7 of its levels.

You collected 200 gold pieces.

Inventory:

Hand weapons
 a - a +0 rapier (weapon)
 b - a +0 blowgun
 O - a +0 dagger of venom
Missiles
 f - 16 arrows
 k - 125 stones (quivered)
 u - 28 bolts
 z - 4 poisoned needles
Armour
 c - a +0 buckler (worn)
 p - a +0 pair of boots (worn)
 q - a +0 helmet (worn)
 x - a +1 pair of gloves of dexterity (worn)
 A - a +0 scale mail (worn)
 H - a +1 cloak (worn)
Jewellery
 F - an uncursed ring of teleportation
Magical devices
 t - a wand of magic darts (22)
 B - a wand of cold (0)
 C - a wand of frost (39)
Scrolls
 g - 5 scrolls of teleportation
 h - a scroll of identify
 l - 5 scrolls of recharging
 m - a scroll of enchant weapon {unknown}
 o - 2 scrolls of blinking
 r - 2 scrolls of magic mapping {unknown}
 y - a scroll of fog {unknown}
 I - 2 scrolls of remove curse
 K - a scroll of immolation {unknown}
 N - a scroll of fear {unknown}
Potions
 e - 3 potions of might
 i - a potion of brilliance {unknown}
 j - 3 potions of haste {unknown}
 w - a potion of degeneration {unknown}
 D - a potion of ambrosia {unknown}
 G - a potion of curing
 J - a potion of mutation {unknown}
 L - a potion of heal wounds {unknown}
 M - a potion of cancellation {unknown}
Comestibles
 d - 6 meat rations
 s - a slice of pizza
 v - 2 beef jerkies
 E - 2 royal jellies


   Skills:
 - Level 3.2 Fighting
 + Level 11.6 Short Blades
 - Level 2.4 Armour
 + Level 11.8 Dodging
 - Level 2.4 Shields


You had 9 spell levels left.
You didn't know any spells.

Dungeon Overview and Level Annotations

Branches:
Dungeon (6/15)             Temple (1/1) D:4

Altars:
Ashenzari
Cheibriados
Fedhas
Gozag
Kikubaaqudgha
Makhleb
Nemelex Xobeh
Okawaru
Qazlal
Ru
Sif Muna
Trog
Vehumet
Xom
Yredelemnul
Zin
The Shining One


Innate Abilities, Weirdness & Mutations

You are small and have problems with some larger weapons.
You are carnivorous and can eat meat at any time.


Message History

You are too injured to fight recklessly!
You are too injured to fight recklessly!
You are too injured to fight recklessly!
You are too injured to fight recklessly!
You are too injured to fight recklessly!
You are too injured to fight recklessly!
You are too injured to fight recklessly!
You are too injured to fight recklessly!
You are too injured to fight recklessly!
You are too injured to fight recklessly!
You are too injured to fight recklessly!
You are too injured to fight recklessly!
You are too injured to fight recklessly!
You are too injured to fight recklessly!
Your scale mail prevents you from hitting the cyan ugly thing.
The cyan ugly thing is heavily wounded.
The cyan ugly thing engulfs you!
* * * LOW HITPOINT WARNING * * *
The cyan ugly thing shocks you!
You die...

...uC...... #.# #.#####.####
..g........# #.#
#.##....##.## ..........#
#.# #.##...#....# .........#
#.# #.###....#..#
........######.# #.#
#....#..# ###''####..)...#
#.# #....#..# #..####.######
#.####...#..#
#...u...########...........#
#######..)....u@.......>##.#
####################.# #<#
#.# #.# #.# #.# #.# #.# #.#
#.##########.#
#............#
##############


You could see a cyan ugly thing.

Vanquished Creatures
  Pikel (D:4)
  A hill giant (D:6)
  Grinder (D:3)
  Eustachio (D:6)
  An ice beast (D:5)
  The ghost of abixa the Chopper, an average HOGl (D:3)
  A centaur (D:6)
  3 ogres
  A phantom (D:5)
  3 giant frogs
  3 scorpions
  2 crimson imps
  A giant frog zombie (D:5)
  2 centaur skeletons (D:5)
  Crazy Yiuf (D:3)
  A giant frog skeleton (D:3)
  A hound (D:5)
  4 iguanas
  7 orc priests
  2 orc wizards (D:4)
  3 worker ants
  Jessica (D:3)
  Robin (D:2)
  11 adders
  A giant mite (D:1)
  4 worms
  An adder skeleton (D:6)
  7 orcs
  A bat skeleton (D:6)
  4 giant cockroaches
  2 gnoll zombies (D:6)
  19 goblins
  8 hobgoblins
  3 jackals (D:1)
  5 quokkas
  12 bats
  8 giant geckos
  A giant gecko skeleton (D:4)
  4 giant newts
  11 kobolds
  7 rats
152 creatures vanquished.

Vanquished Creatures (others)
  An adder (D:6)
  An orc (D:4)
  A goblin (D:4)
  2 bats (D:6)
5 creatures vanquished.

Grand Total: 157 creatures vanquished

Notes
Turn   | Place    | Note
--------------------------------------------------------------
     0 | D:1      | abixa, the Kobold Fighter, began the quest for the Orb.
     0 | D:1      | Reached XP level 1. HP: 14/14 MP: 1/1
   301 | D:1      | Reached XP level 2. HP: 16/19 MP: 2/2
   416 | D:1      | Reached skill level 4 in Short Blades
   587 | D:1      | Reached XP level 3. HP: 23/23 MP: 3/3
  1149 | D:2      | Reached skill level 5 in Short Blades
  1199 | D:2      | Noticed Robin
  1419 | D:2      | Reached XP level 4. HP: 24/28 MP: 4/4
  1501 | D:2      | Killed Robin
  1834 | D:2      | Found a sacrificial altar of Ru.
  2086 | D:2      | Reached skill level 6 in Short Blades
  2367 | D:3      | Noticed a giant frog
  2389 | D:3      | Killed a giant frog
  2389 | D:3      | Reached skill level 7 in Short Blades
  2389 | D:3      | Reached XP level 5. HP: 12/32 MP: 5/5
  2706 | D:3      | Noticed abixa's ghost (average HOGl)
  2893 | D:3      | Noticed Jessica
  2907 | D:3      | Killed Jessica
  2907 | D:3      | Reached XP level 6. HP: 31/37 MP: 6/6
  2938 | D:3      | Noticed Grinder
  2952 | D:3      | Paralysed by Grinder for 2 turns
  2983 | D:3      | Killed Grinder
  2983 | D:3      | Reached skill level 9 in Short Blades
  2983 | D:3      | Reached XP level 7. HP: 16/41 MP: 7/7
  3284 | D:3      | Reached skill level 1 in Dodging
  3492 | D:3      | Killed abixa's ghost
  3681 | D:3      | Noticed Crazy Yiuf
  3694 | D:3      | Killed Crazy Yiuf
  4021 | D:4      | Reached skill level 5 in Dodging
  4021 | D:4      | Reached XP level 8. HP: 42/46 MP: 8/8
  4174 | D:4      | Noticed Pikel
  4236 | D:4      | Killed Pikel
  4910 | D:4      | Reached XP level 9. HP: 51/51 MP: 9/9
  5034 | D:4      | Found a staircase to the Ecumenical Temple.
  5041 | Temple   | Entered the Ecumenical Temple
  5085 | Temple   | Became a worshipper of Makhleb the Destroyer
  5837 | D:5      | Entered Level 5 of the Dungeon
  5898 | D:5      | Reached skill level 10 in Dodging
  6252 | D:5      | Found a blossoming altar of Fedhas.
  6263 | D:5      | Reached skill level 10 in Short Blades
  6543 | D:5      | Acquired Makhleb's first power
  6593 | D:5      | Found an iron altar of Okawaru.
  6739 | D:6      | Found a basalt altar of Yredelemnul.
  6819 | D:6      | Noticed Eustachio
  6820 | D:6      | Found an opulent altar of Gozag.
  6849 | D:6      | Killed Eustachio
  6865 | D:6      | Reached skill level 11 in Dodging
  6867 | D:6      | HP: 2/51 [iguana (8)]
  7628 | D:6      | Acquired Makhleb's second power
  7673 | D:6      | Noticed a cyan ugly thing
  7674 | D:6      | Noticed a hill giant
  7706 | D:6      | Killed a hill giant
  7706 | D:6      | Reached XP level 10. HP: 45/56 MP: 10/10
  7734 | D:6      | Slain by a cyan ugly thing

Action                   |  1- 3 |  4- 6 |  7- 9 | 10-12 || total
-------------------------+-------+-------+-------+-------++-------
Melee: Rapier            |   112 |   177 |   664 |    25 ||   978
 Fire: Blowgun           |       |       |     8 |     1 ||     9
Throw: Stone             |       |     8 |     8 |       ||    16
Evoke: Wand              |       |       |     3 |       ||     3
  Use: Scroll            |       |       |     5 |       ||     5
       Potion            |       |       |     1 |       ||     1
  Eat: Chunk             |     9 |     6 |    16 |       ||    31
